 Dungeon Crawl Stone Soup version 0.21-a0-110-g8e1637b (webtiles) character file.

3108 Leszczynek the Cleaver (level 9, 10/93 HPs)
             Began as a Deep Dwarf Fighter on July 8, 2017.
             Quit the game on level 9 of the Dungeon.
             The game lasted 00:21:13 (2646 turns).

Leszczynek the Cleaver (Deep Dwarf Fighter)         Turns: 2646, Time: 00:21:14

Health: 10/93      AC:  9    Str: 20 (22) XL:     9   Next: 60%
Magic:  4/4        EV:  7    Int:  9      God:
Gold:   79         SH:  8    Dex: 11      Spells: 6/8 levels left

rFire    + . .     SeeInvis .   a - +0 war axe
rCold    . . .     Gourm    .   c - +0 shield
rNeg     . . .     Faith    .   b - +0 scale mail
rPois    .         Spirit   .   p - +1 hat
rElec    .         Reflect  .   (no cloak)
rCorr    .         Harm     .   H - +0 pair of gloves
MR       +....                  I - +0 pair of boots
Stlth    +.........             (no amulet)
HPRegen  0.00/turn              g - ring of stealth
MPRegen  0.09/turn              (no ring)

@: non-regenerating, heavily drained
A: damage resistance, heal wounds, clumsy 1, fire resistance 1, sense
surroundings 2, robust 1, no regeneration
a: Heal Wounds


You were on level 9 of the Dungeon.
You were not hungry.

You visited 2 branches of the dungeon, and saw 10 of its levels.

You collected 215 gold pieces.
You spent 136 gold pieces at shops.

Inventory:

Hand Weapons
 a - a +0 war axe (weapon)
Missiles
 v - 3 tomahawks (quivered)
 w - a throwing net
Armour
 b - a +0 scale mail (worn)
 c - a +0 shield (worn)
 p - a +1 hat (worn)
 H - a +0 pair of gloves (worn)
 I - a +0 pair of boots (worn)
Jewellery
 g - a ring of stealth (left hand)
 h - an uncursed ring of fire
Wands
 k - a wand of lightning (0/15)
 x - a wand of flame (35/48)
 B - a wand of iceblast (0/15)
 D - a wand of enslavement (4/24)
 E - a wand of random effects (26/48)
Scrolls
 i - 2 scrolls of identify {@r1}
 m - 4 scrolls of remove curse {unknown}
 n - a scroll of fog {unknown}
 o - a scroll of recharging {unknown}
 q - 2 scrolls of immolation {unknown}
 r - a scroll of random uselessness {unknown}
 s - a scroll of amnesia {unknown}
 y - a scroll of teleportation
 z - a scroll of fear
 A - 2 scrolls of noise {unknown}
 C - a scroll of magic mapping {unknown}
 J - a scroll of acquirement {unknown}
Potions
 e - 2 potions of berserk rage {!q}
 f - 3 potions of might
 l - 2 potions of heal wounds {@q2}
 u - 2 potions of invisibility
 K - a potion of cancellation {unknown}
Comestibles
 d - 3 bread rations
 j - 2 royal jellies
 t - 3 meat rations
 F - 4 fruits


   Skills:
 + Level 6.6(4.8) Fighting
 * Level 11.6(9.5) Axes
 - Level 3.2(1.6) Armour
 - Level 3.0(1.4) Dodging
 - Level 4.0(2.3) Shields
 - Level 4.2(2.5) Evocations


You had 6 spell levels left.
You knew the following spells:

 Your Spells              Type           Power        Failure   Level  Hunger
B - Blink                 Tloc           N/A          100%        2    ###....


Dungeon Overview and Level Annotations

Branches:
Dungeon (9/15)             Temple (1/1) D:5            Lair (0/6) D:8
    Orc: D:9-12

Altars:
Ashenzari
Cheibriados
Dithmenos
Elyvilon
Fedhas
Gozag
Hepliaklqana
Kikubaaqudgha
Nemelex Xobeh
Okawaru
Qazlal
Ru
Sif Muna
Trog
Uskayaw
Vehumet
Wu Jian
Yredelemnul
Zin
The Shining One

Shops:
D:6 !?   D:7 %!([

Annotations:
D:6 2 shops left
D:9 Joseph, Prince Ribbit


Innate Abilities, Weirdness & Mutations

You are resistant to damage.
You can heal yourself by infusing magical energy.
You passively map the area around you.
You do not regenerate.
You are clumsy. (Dex -2)
Your flesh is heat resistant. (rF+)
You are robust. (+10% HP)


Message History

* * * LOW HITPOINT WARNING * * *
You feel drained.
The wight hits you with an enchanted battleaxe.
* * * LOW HITPOINT WARNING * * *
You barely miss the wight.
The wight is almost destroyed.
The wight hits you from afar with a halberd.
* * * LOW HITPOINT WARNING * * *
You feel drained. You block the wight's attack.
You fail to use your ability.
The wight hits you from afar with a halberd!
* * * LOW HITPOINT WARNING * * *
You feel drained. You block the wight's attack.
You slash the wight!
You destroy the wight!
You block the wight's attack.
Unknown command.
The wight throws a stone.
The stone hits you but does no damage.
You see here 2 stones.
Are you sure you want to abandon this character and quit the game? (Confirm with "yes".)

* * * *, ,,. #######
.., ,* #.....# ...
#.....# ,....,,,
#.....#### .....,
#.....'..####......
#.....##..@()z.....
#.....#######......,,
##'#### *.####* *
#.## * .. #..# .#
##.# ######.### *
####.#### #........#
,,, #.......#
#........ *,
#..<....# *.......


You could see a wight.

Vanquished Creatures
  A queen bee (D:8)
  A yak (D:8)
  10 killer bees
  Menkaure (D:7)
  A water moccasin (D:7)
  A porcupine (D:8)
  A sky beast (D:7)
  A phantom (D:5)
  2 ogres
  A centaur (D:6)
  A crocodile (D:8)
  2 bullfrogs (D:6)
  A water moccasin zombie (D:8)
  A scorpion (D:8)
  3 wights (D:9)
  A crimson imp (D:6)
  A centaur zombie (D:8)
  An orc priest (D:3)
  4 hounds
  A jelly (D:8)
  A centaur skeleton (D:7)
  5 worker ants
  An iguana (D:5)
  4 orc wizards
  A hound zombie (D:6)
  3 gnolls (D:5)
  A howler monkey skeleton (D:4)
  5 adders
  An adder skeleton (D:5)
  5 worms
  A leopard gecko (D:7)
  12 orcs
  3 ball pythons
  6 giant cockroaches
  3 goblins
  7 hobgoblins
  3 jackals (D:7)
  A kobold (D:1)
  3 bats
  3 rats (D:1)
105 creatures vanquished.

Vanquished Creatures (collateral kills)
  An ogre (D:8)
  5 killer bees (D:8)
  A crimson imp (D:8)
7 creatures vanquished.

Vanquished Creatures (others)
  A wyvern (D:8)
  7 killer bees (D:8)
8 creatures vanquished.

Grand Total: 120 creatures vanquished

Notes
Turn   | Place    | Note
-------+----------+-------------------------------------------
     0 | D:1      | Leszczynek the Deep Dwarf Fighter began the quest for the Orb.
     0 | D:1      | Reached XP level 1. HP: 20/20 MP: 1/1
   136 | D:1      | Reached skill level 3 in Axes
   136 | D:1      | Reached XP level 2. HP: 24/27 MP: 2/2
   239 | D:2      | Found a deep blue altar of Sif Muna.
   404 | D:3      | Reached XP level 3. HP: 12/33 MP: 3/3
   437 | D:4      | HP: 6/33 [hound (3)]
   444 | D:4      | Reached skill level 4 in Axes
   515 | D:3      | Reached XP level 4. HP: 35/40 MP: 4/4
   519 | D:3      | Reached skill level 5 in Axes
   527 | D:3      | Reached XP level 5. HP: 33/46 MP: 5/5
   622 | D:4      | Found a glowing silver altar of Zin.
   622 | D:4      | Found a glowing golden altar of the Shining One.
   622 | D:4      | Found a white marble altar of Elyvilon.
   667 | D:5      | Entered Level 5 of the Dungeon
   732 | D:5      | Reached skill level 6 in Axes
   882 | D:6      | Found Ymivepo's Magic Scroll Emporium.
   886 | D:6      | Reached skill level 7 in Axes
   886 | D:6      | Reached XP level 6. HP: 48/55 MP: 5/5
   942 | D:6      | Bought a scroll of teleportation for 36 gold pieces
   942 | D:6      | Bought a scroll of fear for 42 gold pieces
  1015 | D:5      | Reached skill level 8 in Axes
  1054 | D:5      | Found a staircase to the Ecumenical Temple.
  1063 | Temple   | Entered the Ecumenical Temple
  1078 | Temple   | AGAIN
  1078 | Temple   | useless shit
  1124 | D:5      | Reached skill level 3 in Fighting
  1124 | D:5      | Reached XP level 7. HP: 27/62 MP: 6/6
  1321 | D:6      | Found Kadoucwa's Distillery.
  1325 | D:6      | nice shops
  1331 | D:6      | Reached skill level 4 in Fighting
  1487 | D:7      | Found a sacrificial altar of Ru.
  1505 | D:7      | Found Nutyteun's Armour Emporium.
  1506 | D:7      | Found Ruvarphe's Antique Weapon Shop.
  1511 | D:7      | Bought a +0 pair of gloves for 58 gold pieces
  1520 | D:7      | Found Zuept's Distillery.
  1523 | D:7      | Found Kamn's Food Shop.
  1545 | D:7      | great luck with shops, but no god
  1545 | D:7      | shit run again
  1603 | D:7      | Reached skill level 4 in Shields
  1654 | D:7      | Reached skill level 9 in Axes
  1654 | D:7      | Reached skill level 1 in Dodging
  1654 | D:7      | Reached XP level 8. HP: 35/73 MP: 4/4
  1746 | D:7      | Gained mutation: You are robust. (+10% HP) [mutagenic meat]
  1747 | D:7      | Gained mutation: Your flesh is heat resistant. (rF+) [mutagenic meat]
  1748 | D:7      | Gained mutation: You are clumsy. (Dex -2) [mutagenic meat]
  1781 | D:7      | Reached skill level 2 in Dodging
  1871 | D:8      | Reached skill level 5 in Fighting
  1891 | D:8      | Reached skill level 3 in Dodging
  1911 | D:8      | Noticed a queen bee
  1913 | D:7      | Reached skill level 10 in Axes
  1978 | D:7      | Noticed Menkaure
  2003 | D:7      | Killed Menkaure
  2052 | D:7      | Learned a level 2 spell: Blink
  2058 | D:8      | Found a radiant altar of Vehumet.
  2064 | D:8      | Found a shadowy altar of Dithmenos.
  2068 | D:8      | Found a hide-covered altar of Uskayaw.
  2070 | D:8      | Found a bloodstained altar of Trog.
  2071 | D:8      | Found a faded altar of an unknown god.
  2142 | D:8      | Gained mutation: You passively map the area around you. [Deep Dwarf growth]
  2142 | D:8      | Reached XP level 9. HP: 52/90 MP: 4/4
  2178 | D:8      | Reached skill level 6 in Fighting
  2192 | D:8      | Found a hazy altar of Hepliaklqana.
  2287 | D:8      | Reached skill level 11 in Axes
  2425 | D:8      | HP: 16/92 [killer bee (5)]
  2517 | D:8      | HP: 18/93 [porcupine's spines (3)]
  2536 | D:8      | Killed a queen bee
  2536 | D:8      | Reached skill level 4 in Evocations
  2580 | D:9      | Noticed Prince Ribbit
  2580 | D:9      | Noticed Joseph
  2642 | D:9      | HP: 17/93 [wight/halberd (2)]
  2646 | D:9      | Quit the game

Vault maps used:
D:1:      dpeg_arrival_houses_and_road
D:2:      minmay_roachtagon, nicolae_overflow_crystal_walls
D:3:      grunt_ministairs_1, minmay_lizard_king
D:4:      good_gods_mini_temple, grunt_temple_overflow_champion_of_chaos
D:5:      minmay_temple_entry_mist, first_bread, kennysheep_generic_room_14
D:6:      serial_shops, shop, nicolae_shop_statue_plus,
          minmay_misc_feat_four_crosses
D:7:      nicolae_ru_sacrificial_ziggurat, serial_shops, shop, shop,
          nicolae_shop_statue_plus, nicolae_shop_statue_plus,
          nicolae_shop_crystal, uniq_menkaure
D:8:      kennysheep_mini, chequers_temple_overflow_minitemple,
          grunt_lair_entry_orc_guard_hut, david_nohive_1
D:9:      uniq_prince_ribbit1, uniq_joseph
Temple:   eino_temple_lava

Skill      XL: |  1  2  3  4  5  6  7  8  9 |
---------------+----------------------------+-----
Axes           | 3 4 5 7 8 9 10 11 | 11.6
Fighting       | 3 4 5 6 |  6.6
Shields        | 4 |  4.0
Dodging        | 1 3 |  3.0
Evocations     | 4 |  4.2
Armour         | |  3.2

Action                   |  1- 3 |  4- 6 |  7- 9 || total
-------------------------+-------+-------+-------++-------
Melee: War axe           |    66 |   141 |   319 ||   526
Throw: Tomahawk          |       |     3 |       ||     3
 Abil: Heal Wounds       |     1 |     7 |    18 ||    26
Evoke: Wand              |       |     1 |    20 ||    21
  Use: Scroll            |       |     5 |       ||     5
       Potion            |       |       |     4 ||     4
  Eat: Chunk             |       |     1 |     8 ||     9
       Royal jelly       |       |       |     1 ||     1
Armor: Scale mail        |    31 |    61 |   147 ||   239
Dodge: Dodged            |    21 |    45 |   137 ||   203
Block: Shield            |    35 |    70 |   194 ||   299
